AoeStats
← 从不压堡之人

MegaRandom

509275483Analyzed
4v4 RM · 6d ago on Sep 26, 2026· 41m 47s· 8 players
Game mode
Random Map
Map size
Large (8 player)
Population
200
Speed
Normal
Resources
Standard
Victory
Conquest
Starting age
Dark Age
Ending age
Imperial Age
RankedLock teamsTeams togetherTeam positionsShared explorationLock speedFull tech treeHidden civsTurbo modeCheats
Victory
Defeat
🇲🇽 Mongols · Mexico
1266
+11
🇲🇽 Persians · Mexico
1203
+14
🇷🇴 Malians · Romania
1190
+14
🇺🇸 Varangians · United States
1179
+15
🇨🇳 Mongols · China
1457
-25
🇨🇳 Spanish · China
1141
-13
1059
-10
🇨🇳 Varangians · China
949
-6
Chinaski
0:32 Loom
8:58 Feudal Age
16:50 Castle Age
15:45 Fletching
18:30 Bodkin Arrow
18:14 Crossbowman
22:42 Town Watch
25:22 Double-Bit Axe
32:14 Imperial Age
31:30 Ballistics
33:55 Bracer
38:13 Bloodlines
38:43 Husbandry
MCMLXX
3:24 Loom
9:01 Feudal Age
15:05 Castle Age
13:08 Double-Bit Axe
15:40 Stone Mining
19:04 Horse Collar
25:16 Fletching
25:57 Bow Saw
26:18 Heavy Plow
27:54 Wheelbarrow
27:46 Gold Mining
29:01 Bodkin Arrow
32:57 Imperial Age
30:05 Elite Skirmisher
31:06 Squires
30:52 Arson
31:10 Padded Archer Armor
32:07 Leather Archer Armor
32:55 Hand Cart
33:24 Ballistics
34:09 Ring Archer Armor
34:42 Chemistry
34:16 Conscription
33:53 Town Watch
34:54 Elite Gbeto
35:38 Scale Mail Armor
36:21 Forging
36:49 Scale Mail Armor
37:47 Iron Casting
37:59 Chain Mail Armor
39:12 Plate Mail Armor
38:51 Scale Barding Armor
40:58 Town Patrol
41:10 Treadmill Crane
41:41 Masonry
Naco y Estúpido
0:30 Loom
10:08 Feudal Age
10:46 Double-Bit Axe
11:54 Horse Collar
16:26 Scale Mail Armor
16:40 Forging
17:32 Scale Mail Armor
17:59 Bloodlines
24:36 Castle Age
24:12 Scale Barding Armor
25:25 Chain Barding Armor
25:40 Iron Casting
25:07 Husbandry
25:39 Heavy Plow
25:50 Bow Saw
25:35 Gold Mining
25:35 Stone Mining
31:43 Gold Shaft Mining
35:50 Stone Shaft Mining
38:50 Imperial Age
36:57 Wheelbarrow
38:12 Hand Cart
39:05 Kamandaran
DID JAMB
5:08 Loom
10:57 Feudal Age
11:44 Horse Collar
11:51 Double-Bit Axe
12:46 Forging
17:09 Scale Barding Armor
21:53 Castle Age
20:09 Stone Mining
22:44 Wheelbarrow
22:45 Bow Saw
22:27 Light Cavalry
23:43 Bloodlines
23:45 Gold Mining
26:07 Hand Cart
26:39 Husbandry
28:28 Heavy Plow
29:09 Iron Casting
30:33 Chain Barding Armor
31:23 Stone Shaft Mining
31:19 Town Watch
37:16 Imperial Age
37:38 Elite Jarl
39:38 Plate Barding Armor
40:47 Blast Furnace
叫声乌鸦哥
0:28 Loom
9:09 Feudal Age
10:16 Double-Bit Axe
12:49 Castle Age
11:13 Horse Collar
11:51 Town Watch
14:38 Bow Saw
15:26 Heavy Plow
24:10 Wheelbarrow
24:25 Gold Mining
26:03 Ballistics
28:47 Imperial Age
26:47 Hand Cart
29:59 Drill
29:00 Onager
29:46 Siege Engineers
30:22 Gold Shaft Mining
31:14 Siege Onager
32:53 Fletching
34:04 Chemistry
33:40 Bodkin Arrow
34:08 Conscription
34:49 Bracer
34:51 Padded Archer Armor
35:07 Caravan
35:42 Elite Mangudai
37:28 Nomads
37:45 Leather Archer Armor
37:31 Husbandry
37:41 Bloodlines
37:50 Thumb Ring
38:10 Parthian Tactics
39:13 Hoardings
39:03 Stone Mining
42:07 Stone Shaft Mining
从不压堡之人
0:28 Loom
10:32 Feudal Age
13:59 Castle Age
13:19 Wheelbarrow
12:54 Double-Bit Axe
13:39 Town Watch
14:29 Wheelbarrow
13:38 Horse Collar
15:34 Bow Saw
25:38 Padded Archer Armor
29:12 Imperial Age
27:58 Hand Cart
27:59 Caravan
28:32 Husbandry
28:43 Bloodlines
28:25 Fletching
30:00 Sanctity
29:50 Fervor
30:00 Sanctity
29:50 Fervor
29:57 Bloodlines
30:55 Chemistry
30:17 Guilds
30:13 Gold Mining
30:14 Stone Mining
31:29 Ballistics
31:05 Bodkin Arrow
31:18 Scale Barding Armor
30:55 Elite Cannon Galleon
31:53 Fortified Wall
31:29 Arrowslits
33:40 Two-Man Saw
32:56 Inquisition
33:45 Bracer
34:06 Chain Barding Armor
34:24 Theocracy
34:04 Block Printing
34:14 Illumination
34:12 Conscription
34:31 Murder Holes
34:56 Bombard Tower
34:48 Masonry
34:29 Guard Tower
35:28 Careening
35:07 Demolition Ship
36:09 Elite Conquistador
37:06 Leather Archer Armor
37:27 Plate Barding Armor
37:25 Dry Dock
38:34 Supremacy
39:28 Stone Shaft Mining
40:38 Redemption
40:38 Fervor
D4C
0:29 Loom
11:30 Feudal Age
12:05 Double-Bit Axe
12:04 Horse Collar
15:01 Castle Age
16:06 Bow Saw
18:59 Wheelbarrow
19:05 Heavy Plow
21:21 Stone Mining
22:45 Scale Barding Armor
24:33 Husbandry
26:20 Bloodlines
27:02 Hand Cart
28:40 Stone Shaft Mining
28:58 Chain Barding Armor
28:50 Forging
31:42 Imperial Age
29:53 Fortified Wall
29:26 Treadmill Crane
31:14 Iron Casting
31:14 Gold Mining
31:44 Town Watch
32:47 Conscription
31:49 Elite Jarl
33:11 Crop Rotation
34:12 Plate Barding Armor
35:10 Blast Furnace
35:41 Two-Man Saw
35:49 Chemistry
34:46 Fletching
36:03 Siege Engineers
36:30 Town Patrol
37:08 Gothikon
37:09 Vendel Legacy
38:36 Arson
38:52 Squires
38:37 Gambesons
38:13 Elite Varangian Guard
38:59 Caravan
39:12 Guilds
洗心革面重新做人TownYan
0:39 Loom
8:38 Feudal Age
9:08 Double-Bit Axe
9:04 Horse Collar
11:42 Scale Barding Armor
15:29 Bloodlines
15:58 Forging
18:38 Wheelbarrow
23:02 Castle Age
22:22 Gold Mining
24:37 Bow Saw
24:28 Heavy Plow
24:25 Stone Mining
25:43 Husbandry
26:22 Gold Shaft Mining
29:10 Chain Barding Armor
31:24 Hand Cart
30:54 Town Watch
35:38 Imperial Age
33:58 Fletching
34:53 Bodkin Arrow
35:48 Heavy Camel Rider
36:57 Farimba
37:15 Treadmill Crane
37:46 Fortified Wall
38:20 Plate Barding Armor
37:29 Treadmill Crane
37:59 Fortified Wall
38:12 Ballistics
41:44 Iron Casting
41:34 Conscription
41:50 Hoardings
Connection lost

Rejoining the realm…

Still unreachable

The connection could not be restored.

Session expired

The server has moved on; the page needs a fresh start.